 Dungeon Crawl Stone Soup version 0.30-a0-304-gdc4b735fe1 (webtiles) character file.

Game seed: 4417308876099375692

79291 Kirk the Severer (level 15, 0/119 HPs)
             Began as a Demonspawn Gladiator on Oct 20, 2022.
             Was the Champion of Okawaru.
             Slain by a smoke demon (2 damage)
             ... on level 5 of the Lair of Beasts.
             The game lasted 00:39:36 (15848 turns).

Kirk the Severer (Demonspawn Gladiator)            Turns: 15848, Time: 00:39:37

Health: 0/119      AC: 25    Str: 20 (21) XL:     15   Next: 20%
Magic:  0/22       EV: 17    Int:  6 (10) God:    Okawaru [******]
Gold:   1280       SH:  4    Dex: 14 (15) Spells: 14/14 levels left

rFire   . . .      SeeInvis .    H - +5 battleaxe (flame)
rCold   + . .      Faith    .    (shield currently unavailable)
rNeg    . . .      Spirit   +    A - +0 ring mail {rC+}
rPois   +          Reflect  .    (helmet unavailable)
rElec   +          Harm     .    n - +2 cloak {rPois}
rCorr   .          Rampage  .    (no gloves)
Will    +....                    l - +1 pair of boots {Stlth+}
Stlth   ++........               p - amulet of regeneration
HPRegen 1.19/turn                o - +4 ring of evasion
MPRegen 0.36/turn                O - ring of poison resistance

@: about to teleport, sanguine armoured
A: horns 3, icemail 1, augmentation 1, magic shield, magic regeneration,
sanguine armour 2, condensation shield, hooves 1, electricity resistance
a: Renounce Religion, Heroism, Finesse, Duel


You were on level 5 of the Lair of Beasts.
You worshipped Okawaru.
Okawaru was exalted by your worship.
You visited 3 branches of the dungeon, and saw 19 of its levels.
You visited the Abyss 1 time.
You also visited: Ossuary.

You collected 1556 gold pieces.
You spent 276 gold pieces at shops.

Inventory:

Hand Weapons
 i - the +7 war axe "Joylang" {vorpal, Int+5}
   (Okawaru gifted it to you on level 13 of the Dungeon)

   It inflicts extra damage upon your enemies.
   Int:       It affects your intelligence (+5).
 H - a +5 battleaxe of flaming (weapon)
Missiles
 d - 2 throwing nets (quivered)
 e - 12 javelins
Armour
 b - a +1 kite shield of protection
 l - a +1 pair of boots of stealth (worn)
 n - a +2 cloak of poison resistance (worn)
 A - a +0 ring mail of cold resistance (worn)
 P - a +3 plate armour of cold resistance
 Q - a +2 cloak of preservation
Jewellery
 o - a +4 ring of evasion (left hand)
 p - an amulet of regeneration (around neck)
 u - a ring of protection from cold
 C - a ring of see invisible
 J - a ring of protection from cold
 L - a ring of wizardry
 N - a ring of protection from fire
 O - a ring of poison resistance (right hand)
 R - a +6 ring of strength
Wands
 q - a wand of roots (17)
 t - a wand of paralysis (27)
 v - a wand of acid (4)
 x - a wand of mindburst (7)
 y - a wand of flame (66)
Scrolls
 a - 6 scrolls of identify
 c - 4 scrolls of poison
 h - 6 scrolls of amnesia
 k - 3 scrolls of blinking
 m - 3 scrolls of silence
 r - 15 scrolls of teleportation
 z - 2 scrolls of fog
 E - 8 scrolls of magic mapping
 G - a scroll of fear
Potions
 f - a potion of ambrosia
 g - 7 potions of brilliance
 j - 6 potions of attraction
 s - a potion of flight
 w - a potion of invisibility
 B - 8 potions of curing
 D - a potion of heal wounds
 F - 3 potions of lignification
 I - 2 potions of mutation
 M - a potion of berserk rage
 S - a potion of might
 T - a potion of magic
Miscellaneous
 K - a condenser vane


   Skills:
 + Level 11.6 Fighting
 + Level 18.2 Axes
 - Level 1.7 Throwing
 + Level 8.6 Armour
 - Level 5.4 Dodging
 - Level 4.0 Shields
 - Level 10.0 Invocations
 - Level 0.6 Evocations


You had 14 spell levels left.
You didn't know any spells.
Your spell library contained the following spells:

 Spells                   Type           Power      Damage    Failure   Level
 Blink                    Tloc           0%         N/A       75%         2
 Momentum Strike          Conj/Tloc      0%         3d8       75%         2
 Gell's Gravitas          Tloc           0%         N/A       92%         3
 Hailstorm                Conj/Ice       0%         3d3       92%         3
 Ignite Poison            Fire/Tmut/Pois 0%         N/A       92%         3
 Kindle Blastsparks       Fire/Tloc/Air  0%         2d10      92%         3
 Lesser Beckoning         Tloc           0%         N/A       92%         3
 Teleport Other           Tloc           0%         N/A       92%         3
 Ice Form                 Ice/Tmut       0%         N/A       100%        4
 Leda's Liquefaction      Hex/Erth       0%         N/A       100%        4
 Olgreb's Toxic Radiance  Pois           0%         N/A       100%        4
 Petrify                  Tmut/Erth      0%         N/A       100%        4
 Freezing Cloud           Conj/Ice/Air   0%         6-21      100%        5
 Lee's Rapid Deconstruct  Erth           0%         3d4*      100%        5
 Metabolic Englaciation   Hex/Ice        0%         N/A       100%        5
 Conjure Ball Lightning   Conj/Air       0%         3x3d6     100%        6
 Statue Form              Tmut/Erth      0%         N/A       100%        6
 Ozocubu's Refrigeration  Ice            0%         4d7       100%        7
 Storm Form               Tmut/Air       0%         N/A       100%        7
 Discord                  Hex            0%         N/A       100%        8
 Disjunction              Tloc           0%         N/A       100%        8
 Ignition                 Fire           0%         3d3       100%        8
 Maxwell's Capacitive Co  Air            0%         ∞         100%        8
 Summon Ice Beast         Ice/Summ       Unusable   N/A       N/A         4
 Summon Lightning Spire   Summ/Air       Unusable   N/A       N/A         4
 Summon Mana Viper        Hex/Summ       Unusable   N/A       N/A         5
 Simulacrum               Ice/Necr       Unusable   N/A       N/A         6
 Monstrous Menagerie      Summ           Unusable   N/A       N/A         7

Dungeon Overview and Level Annotations

Branches:
Dungeon (13/15)            Temple (1/1) D:6            Lair (5/5) D:10
  Swamp (0/4) Lair:3       Spider (0/4) Lair:2        Slime (0/5) Lair:5
    Orc (0/2) D:11        Ossuary (visited)
 Vaults: D:13-14

Altars:
Ashenzari
Cheibriados
Dithmenos
Fedhas
Gozag
Hepliaklqana
Kikubaaqudgha
Makhleb
Nemelex Xobeh
Okawaru
Qazlal
Ru
Sif Muna
Trog
Uskayaw
Vehumet
Wu Jian
Xom
Yredelemnul

Shops:
D:2 (=(?(   D:4 ?   D:6 :   D:7 ?   D:11 (

Annotations:
D:6 3 runed translucent doors, Kinoniko's ghost, novice FoFi
D:13 Azrael


Innate Abilities, Weirdness & Mutations

You have a pair of large horns on your head.
A meltable icy envelope protects you from harm. (AC +4)
Your magical and physical power is slightly enhanced at high health.
When hurt, damage is shared between your health and your magic reserves.
You regenerate magic rapidly.
When seriously injured, your blood forms thick armour. (AC +9)
A meltable shield of frost defends you. (SH +4)
You have large cloven feet.
You are resistant to electric shocks. (rElec)


Message History

You feel you are being watched by something.
Something completely misses you. You block something's attack.
Something barely misses you.
A small abomination comes into view.
You feel much better.
The dream sheep bites you but does no damage.
You feel you are being watched by something.
Something hits you but does no damage. Something barely misses you.
Something stings you.
You feel weakened.
You barely miss something. You slash the dream sheep! You burn the dream sheep.
You slash the smoke demon! You burn the smoke demon.
The dream sheep bites you but does no damage.
The smoke demon hits you but does no damage.
The smoke demon barely misses you.
The smoke demon hits you but does no damage.
You feel you are being watched by something.
Something hits you but does no damage. Something hits you.
Something stings you!
* * * LOW HITPOINT WARNING * * *
The dream sheep attacks as you move away!
The dream sheep bites you.
* * * LOW HITPOINT WARNING * * *
Something hits you but does no damage. Something hits you!
* * * LOW HITPOINT WARNING * * *
Something stings you but does no damage.
You feel you are being watched by something.
You feel your power leaking away.
You feel better.
You feel you are being watched by something.
Something hits you.
* * * LOW HITPOINT WARNING * * *
You feel dopey. Something hits you but does no damage.
You block something's attack.
The dream sheep are wreathed in dream dust.
You feel drowsy...
You fall asleep.
The smoke demon hits you!!
You wake up.
* * * LOW HITPOINT WARNING * * *
The smoke demon hits you.
You die...

###..#.♣ ....♣
#.#.♣♣ .... ###♣♣
♣♣♣ ♣... ### ♣♣.♣
... #...
♣..♣♣♣♣♣♣♣Y.♣ ....
♣.....[♣♣.Yx♣
......♣♣.....♣♣xYY♣
......♣♣♣.♣..♣♣3.♣
.....♣ ♣.♣♣♣♣♣.@♣♣
....♣ ♣..♣♣♣....♣ ♣
♣♣ ....♣
♣♣.♣♣.....♣♣.♣.♣
....♣
♣.♣...♣♣..♣♣.♣
....♣
♣....♣♣♣♣....♣
....♣ ♣...♣♣
♣....♣♣ ....♣ ♣..♣♣
♣♣....♣ #...♣
♣..♣♣♣♣ ♣.÷.♣♣
#..♣♣ ♣.....♣ ♣...♣


You could see a smoke demon, 2 small abominations and 4 dream sheep.

Vanquished Creatures
  Josephine (D:11)
  The ghost of Jurt the Destroyer, a journeyman DsHW of Vehumet (Lair:1)
  A hydra (Lair:2)
  Fannar (D:12)
  6 two-headed ogres
  A centaur warrior (D:12)
  A catoblepas (Lair:5)
  4 death yaks (Lair:4)
  A tengu warrior (D:9)
  Urug (D:11)
  A thrashing horror (Abyss:3)
  Nergalle (D:11)
  A fire crab (Lair:2)
  Lodul (D:13)
  A lindwurm (Lair:5)
  An orc knight (D:10)
  A wizard (D:9)
  2 deep elf pyromancers
  4 cyclopes
  2 ugly things (D:13)
  A manticore (D:11)
  Joseph (D:7)
  Maurice (D:10)
  A smoke demon (Lair:5)
  5 black mambas
  12 elephants
  A torpor snail (Lair:1)
  A gargoyle (D:10)
  An unseen horror (D:11)
  Maggie (Lair:1)
  6 komodo dragons
  11 cane toads
  3 kobold demonologists
  A komodo dragon (shapeshifter) (D:13)
  2 rime drakes (Lair:5)
  A hornet (D:9)
  3 trolls
  11 blink frogs
  3 dream sheep (Lair:5)
  Sigmund (D:5)
  3 spriggans
  2 shadows
  6 wraiths (D:11)
  45 yaks
  A vampire (D:12)
  5 wyverns
  A ynoxinul (Lair:5)
  3 basilisks
  A steam dragon (D:6)
  A fire bat (Abyss:2)
  7 vampire mosquitoes (D:13)
  A large abomination (Lair:5)
  2 acid dragons
  4 wargs (D:11)
  7 water moccasins
  2 hell hounds (D:13)
  Duvessa (D:7)
  2 sky beasts
  5 orc warriors
  An ice beast (D:6)
  An ogre (shapeshifter) (Lair:5)
  5 black bears
  10 ogres
  6 wolves
  3 centaurs
  9 small abominations
  A phantom (D:4)
  Blork the orc (D:6)
  2 gnoll sergeants
  A necrophage (D:5)
  10 scorpions
  12 bullfrogs
  12 wights
  Dowan (D:7)
  4 killer bees (D:11)
  7 electric eels
  7 howler monkeys
  6 hounds
  2 centaur zombies (Ossuary)
  3 jellies
  8 orc priests
  A human zombie (Ossuary)
  Jessica (D:3)
  A scorpion zombie (Ossuary)
  An iguana (D:6)
  15 orc wizards
  4 hell rats (Lair:4)
  3 mummies (Ossuary)
  16 gnolls
  8 adders
  4 white imps
  2 ufetubi
  4 worms
  5 dart slugs
  50 orcs
  3 ball pythons
  5 bats
  7 endoplasms
  3 giant cockroaches
  5 gnoll zombies (Ossuary)
  5 goblins
  10 hobgoblins
  2 jackals (D:4)
  2 quokkas
  4 frilled lizards
  3 goblin zombies (Ossuary)
  8 kobolds
  2 kobold zombies (Ossuary)
  An orc zombie (Ossuary)
  6 rats
492 creatures vanquished.

Vanquished Creatures (others)
  11 fungi
  31 plants
  12 starspawn tentacles (Abyss:2)
54 creatures vanquished.

Grand Total: 546 creatures vanquished

Notes
Turn   | Place    | Note
-------+----------+-------------------------------------------
     0 | D:1      | Kirk the Demonspawn Gladiator began the quest for the Orb.
     0 | D:1      | Reached XP level 1. HP: 16/16 MP: 1/1
   130 | D:1      | Reached skill level 3 in Axes
   136 | D:1      | Gained mutation: A meltable shield of frost defends you.
                  | (SH +4) [demonic ancestry]
   136 | D:1      | Reached XP level 2. HP: 5/22 MP: 2/2
   410 | D:1      | Gained mutation: When seriously injured, your blood forms
                  | armour. (AC +9) [demonic ancestry]
   410 | D:1      | Reached XP level 3. HP: 28/28 MP: 3/3
   774 | D:2      | Reached skill level 1 in Armour
   777 | D:2      | Reached skill level 4 in Axes
   777 | D:2      | Reached XP level 4. HP: 3/34 MP: 4/4
   906 | D:2      | Found Fyelucib's Magic Scroll Shoppe.
   914 | D:2      | Found Xibbiust's Antique Weapon Emporium.
  1067 | D:2      | Bought a scroll of identify for 24 gold pieces
  1067 | D:2      | Bought a scroll of identify for 24 gold pieces
  1070 | D:2      | Gained mutation: You are frail. (-10% HP) [potion of
                  | mutation]
  1070 | D:2      | Gained mutation: You are very frail. (-20% HP) [potion of
                  | mutation]
  1070 | D:2      | Gained mutation: You have a pair of small horns on your
                  | head. [potion of mutation]
  1070 | D:2      | Gained mutation: You expend magic power (3 MP) to
                  | strengthen your wands. [potion of mutation]
  1071 | D:2      | Lost mutation: You expend magic power (3 MP) to strengthen
                  | your wands. [potion of mutation]
  1071 | D:2      | Lost mutation: You have a pair of small horns on your head.
                  | [potion of mutation]
  1071 | D:2      | Lost mutation: You are very frail. (-20% HP) [potion of
                  | mutation]
  1071 | D:2      | Gained mutation: You are agile. (Dex +4, Str/Int -1)
                  | [potion of mutation]
  1084 | D:2      | Found Pugiz's Weapon Emporium.
  1120 | D:2      | Found Kukh's Jewellery Shoppe.
  1354 | D:2      | Found Utseom's Weapon Shoppe.
  1621 | D:3      | Gained mutation: You have a pair of small horns on your
                  | head. [demonic ancestry]
  1621 | D:3      | Reached XP level 5. HP: 36/36 MP: 5/5
  1891 | D:3      | Noticed Jessica
  1894 | D:3      | Killed Jessica
  2000 | D:3      | HP: 1/36 [orc priest/divine providence (15)]
  2003 | D:3      | Reached skill level 5 in Axes
  2292 | D:4      | Gained mutation: When seriously injured, your blood forms
                  | thick armour. (AC +9) [demonic ancestry]
  2292 | D:4      | Reached XP level 6. HP: 37/42 MP: 6/6
  2317 | D:4      | Reached skill level 1 in Shields
  2334 | D:4      | Found a bloodstained altar of Trog.
  2695 | D:4      | Found Muder's Magic Scroll Emporium.
  2707 | D:4      | Reached skill level 6 in Axes
  2707 | D:4      | Gained mutation: You have a pair of horns on your head.
                  | [demonic ancestry]
  2707 | D:4      | Reached XP level 7. HP: 47/47 MP: 7/7
  3011 | D:5      | Entered Level 5 of the Dungeon
  3302 | D:5      | Noticed Sigmund
  3315 | D:5      | Killed Sigmund
  3316 | D:5      | Reached skill level 7 in Axes
  3436 | D:5      | Gained mutation: You have a pair of large horns on your
                  | head. [demonic ancestry]
  3436 | D:5      | Reached XP level 8. HP: 48/54 MP: 8/8
  3695 | D:2      | Bought a glowing war axe for 162 gold pieces
  3944 | D:6      | Reached skill level 5 in Fighting
  3972 | D:6      | Reached skill level 8 in Axes
  3991 | D:6      | Noticed Blork the orc
  4001 | D:6      | Killed Blork the orc
  4092 | D:6      | Found Ciamub Hogej's Book Shoppe.
  4141 | D:6      | You fall into a shaft and drop 3 floors!
  4154 | D:9      | Noticed a wizard
  4158 | Abyss:2  | Cast into level 2 of the Abyss (a wizard)
  4186 | Abyss:2  | Noticed a tentacled starspawn
  4188 | Abyss:2  | Noticed a bone dragon
  4195 | Abyss:2  | Noticed an Executioner
  4195 | Abyss:2  | Noticed a large abomination
  4195 | Abyss:2  | Noticed a large abomination
  4361 | Abyss:2  | Gained mutation: You regenerate magic rapidly. [demonic
                  | ancestry]
  4361 | Abyss:2  | Reached XP level 9. HP: 18/61 MP: 9/9
  4386 | Abyss:2  | Noticed a tentacled starspawn
  4401 | Abyss:2  | Noticed an efreet
  4432 | Abyss:2  | Noticed a great orb of eyes
  4443 | Abyss:2  | Noticed an orange demon
  4483 | Abyss:3  | Found a corrupted altar of Lugonu.
  4563 | Abyss:3  | Reached skill level 9 in Axes
  4566 | Abyss:3  | Noticed a thrashing horror
  4578 | Abyss:3  | Killed a thrashing horror
  4581 | D:9      | Escaped the Abyss
  4585 | D:9      | Killed a wizard
  4723 | D:8      | Reached skill level 10 in Axes
  4738 | D:8      | HP: 2/62 [wight/+3 flail (2)]
  4741 | D:8      | Gained mutation: When hurt, damage is shared between your
                  | health and your magic reserves. [demonic ancestry]
  4741 | D:8      | Reached XP level 10. HP: 5/69 MP: 10/10
  5019 | D:7      | Noticed Duvessa
  5022 | D:7      | Noticed Dowan
  5037 | D:7      | Killed Duvessa
  5040 | D:7      | Killed Dowan
  5046 | D:7      | Noticed Joseph
  5054 | D:7      | Killed Joseph
  5294 | D:7      | Found a sand-covered staircase.
  5303 | Ossuary  | Entered an ossuary
  5532 | Ossuary  | Reached skill level 11 in Axes
  5723 | D:7      | Found Daleaned's Magic Scroll Shop.
  5732 | D:7      | Bought a scroll of teleportation for 33 gold pieces
  5732 | D:7      | Bought a scroll of teleportation for 33 gold pieces
  6079 | D:6      | Found a runed translucent gate.
  6079 | D:6      | Found a runed translucent gate.
  6079 | D:6      | Found a runed translucent gate.
  6082 | D:6      | Noticed Kinoniko's ghost (novice FoFi)
  6160 | D:6      | Found a staircase to the Ecumenical Temple.
  6666 | Temple   | Entered the Ecumenical Temple
  6715 | Temple   | Became a worshipper of Warmaster Okawaru
  7604 | D:9      | Reached * piety under Okawaru
  7605 | D:9      | Reached skill level 5 in Dodging
  7647 | D:9      | Noticed a tengu warrior
  7676 | D:9      | Killed a tengu warrior
  7742 | D:9      | Noticed a two-headed ogre
  7753 | D:9      | Killed a two-headed ogre
  7754 | D:9      | Gained mutation: A meltable icy envelope protects you from
                  | harm. (AC +4) [demonic ancestry]
  7754 | D:9      | Reached XP level 11. HP: 58/77 MP: 8/11
  7795 | D:9      | Found a blossoming altar of Fedhas.
  7795 | D:9      | Found a sacrificial altar of Ru.
  7806 | D:9      | Paralysed by a hornet for 3 turns
  7810 | D:9      | Reached ** piety under Okawaru
  7811 | D:9      | Reached skill level 1 in Invocations
  7813 | D:9      | HP: 3/73 [wight/+5 short sword (2)]
  8187 | D:10     | Entered Level 10 of the Dungeon
  8204 | D:10     | Noticed an orc knight
  8213 | D:9      | Reached skill level 12 in Axes
  8410 | D:10     | Found a staircase to the Lair.
  8536 | D:10     | Killed an orc knight
  8537 | D:10     | Reached skill level 5 in Armour
  8693 | D:10     | Noticed Maurice
  8711 | D:10     | Killed Maurice
  8711 | D:10     | Reached *** piety under Okawaru
  8827 | D:10     | Noticed a deep elf pyromancer
  8840 | D:10     | Killed a deep elf pyromancer
  9066 | D:10     | Reached skill level 13 in Axes
  9066 | D:10     | Gained mutation: Your magical and physical power is
                  | slightly enhanced at high health. [demonic ancestry]
  9066 | D:10     | Reached XP level 12. HP: 84/84 MP: 13/17
  9067 | D:10     | Reached skill level 14 in Axes
  9067 | D:10     | Reached XP level 13. HP: 89/89 MP: 13/18
  9113 | D:11     | Found a staircase to the Orcish Mines.
  9328 | D:11     | Noticed Urug
  9342 | D:11     | Killed Urug
  9343 | D:11     | Reached skill level 15 in Axes
  9347 | D:11     | Reached **** piety under Okawaru
  9461 | D:11     | Noticed Nergalle
  9477 | D:11     | Killed Nergalle
  9943 | D:11     | Noticed Josephine
  9951 | D:11     | Killed Josephine
  9964 | D:11     | Found Jiurghadgh's Antique Weapon Shop.
  9998 | D:11     | Reached ***** piety under Okawaru
 10030 | D:11     | Found a shadowy altar of Dithmenos.
 10515 | D:12     | Noticed Fannar
 10540 | D:12     | Killed Fannar
 10660 | D:12     | Gained mutation: You have hidden genetic defects. [a
                  | neqoxec]
 10663 | D:12     | Reached XP level 14. HP: 68/97 MP: 15/20
 11016 | D:13     | Identified the +7 war axe "Joylang" {vorpal, Int+5}
                  | (Okawaru gifted it to you on level 13 of the Dungeon)
 11016 | D:13     | Received a gift from Okawaru
 11107 | D:13     | Noticed Lodul
 11131 | D:13     | Killed Lodul
 11174 | D:13     | Reached skill level 16 in Axes
 11339 | D:13     | Noticed Azrael
 11354 | D:13     | Lost mutation: You are agile. (Dex +4, Str/Int -1) [hidden
                  | defects]
 11516 | Lair:1   | Entered Level 1 of the Lair of Beasts
 11575 | Lair:1   | Reached skill level 10 in Invocations
 11723 | Lair:1   | Identified the +2 spear of Watchfulness {venom, rPois rC+
                  | Str-3 Int+3}
 11724 | Lair:1   | Found a runed translucent door.
 11727 | Lair:1   | Noticed Jurt's ghost (journeyman DsHW)
 11750 | Lair:1   | Reached skill level 10 in Fighting
 11778 | Lair:1   | Noticed Maggie
 11790 | Lair:1   | Killed Maggie
 12371 | Lair:1   | Killed Jurt's ghost
 12371 | Lair:1   | Received a gift from Okawaru
 12534 | Lair:2   | Gained mutation: You are clumsy. (Dex -2) [hidden defects]
 12534 | Lair:2   | Lost mutation: You have hidden genetic defects. [hidden
                  | defects expressed]
 12716 | Lair:2   | Found a hole to the Spider Nest.
 13541 | Lair:3   | Reached skill level 17 in Axes
 14074 | Lair:3   | Found a staircase to the Swamp.
 14211 | Lair:4   | Reached ****** piety under Okawaru
 14211 | Lair:4   | Identified the +1 plate armour "Woiduwef" {Drain +Inv
                  | Int+7} (Okawaru gifted it to you on level 4 of the Lair of
                  | Beasts)
 14211 | Lair:4   | Received a gift from Okawaru
 14332 | Lair:4   | Lost mutation: You are frail. (-10% HP) [potion of
                  | mutation]
 14332 | Lair:4   | Lost mutation: You are clumsy. (Dex -2) [potion of
                  | mutation]
 14332 | Lair:4   | Gained mutation: You are resistant to electric shocks.
                  | (rElec) [potion of mutation]
 14332 | Lair:4   | Gained mutation: You have large cloven feet. [potion of
                  | mutation]
 15185 | Lair:5   | Entered Level 5 of the Lair of Beasts
 15252 | Lair:4   | Reached XP level 15. HP: 78/119 MP: 15/22
 15368 | Lair:5   | Found a staircase to the Slime Pits.
 15484 | Lair:5   | Reached skill level 18 in Axes
 15848 | Lair:5   | HP: 2/119 [smoke demon (18)]
 15848 | Lair:5   | Slain by a smoke demon

Illustrated notes

Levels and vault maps discovered:
D:1:      nzn_arrival_crosshair, layout_loops_ring, st_stairs_13
D:2:      layout_rooms, serial_shops, nicolae_shop_bloodbath_and_beyond,
          nicolae_shop_temple_entry_statues_fountains, shop,
          nicolae_lakefront_shop, shop_fountains, kennysheep_generic_room_14
D:3:      layout_rooms, st_stairs_14, uniq_jessica
D:4:      layout_cave_pods, trog_ov_bears_minmay, serial_shops,
          nicolae_take_the_stairs
D:5:      layout_gridville, uniq_sigmund
D:6:      layout_layer_cave, temple_pool_b, biasface_ghost_orc_armoury,
          serial_shops, shop_fountains, uniq_blork_the_orc
D:7:      layout_rooms, serial_shops, nicolae_shop_statue_plus,
          nicolae_ossuary_entry_ruins, uniq_joseph, uniq_duvessa
D:8:      layout_cave_pools, nicolae_tso_carved_into_rock,
          minmay_fractal_squares_5
D:9:      layout_roguey, chequers_temple_overflow_statue_of_worship,
          minmay_librarian
D:10:     layout_loops_ring, lair_entry_dummy, hangedman_corner_corridor,
          uniq_maurice
D:11:     kennysheep_six_static_rooms, layout_loops_ring,
          minmay_orc_entry_guard_dogs, serial_shops, shop,
          nicolae_dithmenos_through_a_glass_darkly, uniq_urug, uniq_nergalle,
          uniq_josephine
D:12:     layout_roguey, serial_bayou, serial_bayou_shore_b,
          serial_bayou_ford_a, serial_bayou_pond_d, serial_bayou_shore_b,
          uniq_fannar
D:13:     layout_cave_pods, david_vaults_4,
          ploomutoo_gammafunk_ghost_potion_laboratory, uniq_lodul, uniq_azrael
Temple:   compressed_dpeg_circular_temple
Lair:1:   layout_regular_city, ebering_ghost_funeral_grove, uniq_maggie
Lair:2:   layout_small_grid, spider_nest_entry_web_field, beast_lair_carwin_4,
          serial_bayou_shore_a, serial_bayou_shore_b, grunt_megastairs_3
Lair:3:   layout_roguey, minmay_swamp_entry_eels, nicolae_quartered_pool_super
Lair:4:   layout_cave_pods, infiniplex_staircase_pool_2
Lair:5:   hellmonk_lair_end_abyssal_woods, layout_small_grid, slime_entry_1,
          grunt_megastairs_1

Skill      XL: |  1  2  3  4  5  6  7  8  9 10 11 12 13 14 15 |
---------------+----------------------------------------------+-----
Axes           | 3 4 5 6 7 8 10 11 13 14 15 17 18 | 18.2
Armour         | 1 2 3 4 7 8 |  8.6
Fighting       | 3 4 5 6 8 9 11 | 11.6
Shields        | 1 2 3 4 |  4.0
Dodging        | 3 4 5 |  5.4
Invocations    | 7 9 10 | 10.0
Throwing       | |  1.7
Evocations     | |  0.6

Action                   |  1- 3 |  4- 6 |  7- 9 | 10-12 | 13-15 || total
-------------------------+-------+-------+-------+-------+-------++-------
Melee: War axe           |    95 |   145 |   183 |   384 |    39 ||   846
       Headbutt          |       |    15 |    40 |    81 |   145 ||   281
       Punch             |       |     1 |     2 |    11 |     2 ||    16
       Battleaxe         |       |       |       |       |   558 ||   558
Throw: Throwing net      |       |       |     2 |     1 |       ||     3
Invok: Heroism           |       |       |       |     3 |     2 ||     5
Evoke: Wand              |       |       |     1 |    11 |     1 ||    13
  Use: Scroll            |       |     8 |    11 |     9 |     9 ||    37
       Potion            |       |     3 |     3 |     3 |     6 ||    15
 Stab: Sleeping          |     1 |     1 |     1 |     1 |       ||     4
Armor: Leather armour    |    39 |    48 |    27 |    23 |       ||   137
       Ring mail         |       |       |       |    42 |   171 ||   213
Dodge: Dodged            |    69 |   118 |   143 |   227 |   419 ||   976
Block: Other             |    11 |    32 |    36 |    43 |    74 ||   196

Table legend: (Time is in decaauts)
 A = Elapsed time spent in this place.
 B = Non-inter-level travel time spent in this place.
 C = Inter-level travel time spent in this place.
 D = Time resting spent in this place.
 E = Time spent auto-exploring this place.
 F = Levels seen in this place.
 G = Mean time per level.
                   A        B        C        D        E       F      G
               +--------+--------+--------+--------+--------+-----+--------+
         Total |  15872 |  14908 |    964 |    448 |  10816 |  22 |  721.5 |
       Dungeon |  10711 |   9962 |    749 |    401 |   7337 |  13 |  823.9 |
        Temple |     63 |     50 |     13 |      0 |     13 |   1 |   63.0 |
          Lair |   4301 |   4100 |    201 |     13 |   3329 |   5 |  860.2 |
         Abyss |    424 |    424 |      0 |      0 |      0 |   2 |  212.0 |
       Ossuary |    370 |    370 |      0 |     34 |    137 |   1 |  370.0 |
               +--------+--------+--------+--------+--------+-----+--------+

Top non-repeatable levels by time:
     D:6: 1188 daAuts
  Lair:4: 1078 daAuts
  Lair:2: 1032 daAuts
  Lair:1: 986 daAuts
    D:12: 983 daAuts
    D:10: 949 daAuts
    D:11: 942 daAuts
     D:4: 897 daAuts
     D:1: 844 daAuts
     D:9: 827 daAuts
     D:7: 780 daAuts
     D:8: 771 daAuts
     D:2: 767 daAuts
     D:3: 689 daAuts
     D:5: 674 daAuts
